 Dungeon Crawl Stone Soup version 0.18-a0-1666-g3ea6f2b (webtiles) character file.

4689 Kidiri the Thaumaturge (level 10, -6/45 HPs)
             Began as a Deep Elf Fire Elementalist on Mar 31, 2016.
             Was a Follower of Vehumet.
             Mangled by an orc warrior
             ... wielding a +0 halberd
              (20 damage)
             ... on level 9 of the Dungeon.
             The game lasted 01:50:31 (10101 turns).

Kidiri the Thaumaturge (DEFE)                      Turns: 10101, Time: 01:50:31

Health: -6/45      AC:  7    Str:  8    XL:     10   Next: 21%
Magic:  14/27      EV: 17    Int: 25    God:    Vehumet [*.....]
Gold:   462        SH:  0    Dex: 17    Spells: 8 memorised, 2 levels left

rFire  + . .     SeeInvis .     s - +6 glaive of Qazlal's Envy {flame, rElec rC++ Str+3 Int+3}
rCold  + . .     Gourm    .     a - +2 robe
rNeg   . . .     Faith    .     (shield currently unavailable)
rPois  +         Spirit   .     (no helmet)
rElec  +         Dismiss  .     (no cloak)
rCorr  .         Reflect  .     B - +2 pair of gloves
SustAt .         Harm     .     (no boots)
MR     +....                    z - amulet of regeneration
Stlth  ++........               q - ring of poison resistance
                                d - ring of fire

@: slowed, very slow, somewhat resistant to hostile enchantments, unstealthy
A: hooves 1, agile 1, dopey 1, frail 1
a: Renounce Religion


You were on level 9 of the Dungeon.
You worshipped Vehumet.
Vehumet was aware of your devotion.
You were not hungry.

You visited 2 branches of the dungeon, and saw 10 of its levels.

You collected 462 gold pieces.

Inventory:

Hand Weapons
 g - a +3 short sword of speed
 r - a +1 dagger of protection
 s - the +6 glaive of Qazlal's Envy (weapon) {flame, rElec rC++ Str+3 Int+3}
   (You found it on level 6 of the Dungeon)

   It has been specially enchanted to burn those struck by it, causing extra
   injury to most foes and up to half again as much damage against particularly
   susceptible opponents.
   Big, fiery blades are also staple armaments of hydra-hunters.
   It affects your strength (+3).
   It affects your intelligence (+3).
   It greatly protects you from cold.
   It insulates you from electricity.
 y - a +5 dagger of venom
Armour
 a - a +2 robe (worn)
 B - a +2 pair of gloves (worn)
Jewellery
 d - a ring of fire (left hand)
 q - a ring of poison resistance (right hand)
 z - an amulet of regeneration (around neck)
Scrolls
 i - a scroll of fear
 k - 5 scrolls of remove curse
 x - 2 scrolls of amnesia
 C - a scroll of identify
Potions
 e - 4 potions of lignification
 j - a potion of agility {unknown}
 m - a potion of berserk rage
 n - 3 potions of curing
 p - a potion of brilliance
 t - a potion of cancellation
 u - 3 potions of heal wounds {unknown}
 A - a potion of cure mutation {unknown}
Books
 b - a book of Flames

   Spells                             Type                      Level
   a - Flame Tongue                   Conjuration/Fire             1
   b - Throw Flame                    Conjuration/Fire             2
   c - Conjure Flame                  Conjuration/Fire             3
   d - Inner Flame                    Hexes/Fire                   3
   e - Sticky Flame                   Conjuration/Fire             4
   f - Fireball                       Conjuration/Fire             5
 v - a book of Power

   Spells                             Type                      Level
   a - Fulminant Prism                Conjuration/Hexes            4
   b - Iskenderun's Mystic Blast      Conjuration                  4
   c - Venom Bolt                     Conjuration/Poison           5
   d - Bolt of Magma                  Conjuration/Fire/Earth       5
   e - Iron Shot                      Conjuration/Earth            6
   f - Orb of Destruction             Conjuration                  7
   g - Spellforged Servitor           Conjuration/Summoning        7
 w - a book of Annihilations

   Spells                             Type                      Level
   a - Poison Arrow                   Conjuration/Poison           6
   b - Chain Lightning                Conjuration/Air              8
   c - Lehudib's Crystal Spear        Conjuration/Earth            8
   d - Glaciate                       Conjuration/Ice              9
   e - Fire Storm                     Conjuration/Fire             9
Comestibles
 c - 7 bread rations
 f - 3 slices of pizza
 h - 2 beef jerkies
 l - 10 fruits
 o - 3 meat rations
 D - 5 chunks of flesh


   Skills:
 + Level 7.6 Dodging
 - Level 2.4 Stealth
 * Level 11.3 Spellcasting
 + Level 6.7 Conjurations
 + Level 7.0 Hexes
 + Level 7.3 Fire Magic
 + Level 3.0 Earth Magic
 + Level 1.6 Poison Magic


You had 2 spell levels left.
You knew the following spells:

 Your Spells              Type           Power        Failure   Level  Hunger
a - Flame Tongue          Conj/Fire      #####        1%          1    None
b - Throw Flame           Conj/Fire      ######       1%          2    None
c - Conjure Flame         Conj/Fire      ######..     1%          3    None
d - Inner Flame           Hex/Fire       ######..     1%          3    None
e - Sticky Flame          Conj/Fire      ######..     2%          4    None
f - Fireball              Conj/Fire      ######....   10%         5    ###....
g - Bolt of Magma         Conj/Fire/Erth ######....   12%         5    ###....
h - Poison Arrow          Conj/Pois      #####.....   93%         6    #####..


Dungeon Overview and Level Annotations

Branches:
Dungeon (9/15)             Temple (1/1) D:7
   Lair: D:8-11         Orc: D:9-12

Altars:
Ashenzari
Cheibriados
Dithmenos
Elyvilon
Fedhas
Gozag
Kikubaaqudgha
Makhleb
Nemelex Xobeh
Okawaru
Pakellas
Qazlal
Ru
Sif Muna
Trog
Vehumet
Xom
Yredelemnul
Zin
The Shining One

Annotations:
D:9 Psyche


Innate Abilities, Weirdness & Mutations

You have large cloven feet.
You are agile. (Dex +2)
You are dopey. (Int -2)
You are frail (-10% HP).


Message History

The ball of steam misses you. The steam dragon breathes steam at you.
The ball of steam misses you. The steam dragon breathes steam at you.
The ball of steam hits you! You resist.
* * * LOW HITPOINT WARNING * * *
The steam dragon misses you. The steam dragon barely misses you.
Casting: Flame Tongue
Confirm with . or Enter, or press ? or * to list all spells.
Aiming: Flame Tongue
Press: ? - help, Shift-Dir - straight line, f/p - steam dragon
Aim: a steam dragon (almost dead, catching its breath)
You feel a surge of power!
The flame tongue hits the steam dragon.
You kill the steam dragon!
Vehumet accepts your kill.
Your Earth Magic skill increases to level 3!
You see here a steam dragon corpse.
You butcher the steam dragon corpse.
The orc warrior misses you.
The orc warrior hits you with a halberd!!
You die...

#........# #...o....#
####........#.
.....o.D.@...
#.oo.....# #ยง### #..o#
#######o## #####
#.....@..# #...
#........# ###.######
#...)....####.......<#
#........##.<........#
#........#..#.......>#
#..........##........#
..........####........#
##........# ##########
#........#


You could see an orc warrior and an orc (inner flame).

Vanquished Creatures
  An ugly thing (D:8)
  An ice statue (D:8)
  Sigmund (D:2)
  6 yaks (D:8)
  A steam dragon (D:9)
  2 water moccasins
  2 ice beasts
  A sky beast (D:6)
  A black bear (D:6)
  A centaur (D:6)
  2 ogres
  A big kobold (D:7)
  7 giant frogs
  3 scorpions
  A wyvern skeleton (D:6)
  7 wights (D:7)
  2 howler monkeys (D:7)
  2 crimson imps
  A quasit (D:6)
  5 hounds
  7 orc wizards
  An orc priest (D:4)
  A giant frog skeleton (D:6)
  An iguana (D:6)
  3 worker ants
  A hound skeleton (D:5)
  6 gnolls (D:4)
  8 adders
  A shadow imp (D:5)
  2 oozes
  2 worms
  A dart slug (D:3)
  10 giant geckos
  30 orcs
  A ball python (D:1)
  4 bats (D:1)
  2 bat zombies (D:6)
  9 giant cockroaches
  13 hobgoblins
  10 jackals
  13 kobolds
  9 quokkas
  A giant gecko skeleton (D:4)
  2 giant newts
  8 goblins
  2 quokka skeletons
  9 rats
205 creatures vanquished.

Notes
Turn   | Place    | Note
--------------------------------------------------------------
     0 | D:1      | Kidiri the Deep Elf Fire Elementalist began the quest for the Orb.
     0 | D:1      | Reached XP level 1. HP: 10/10 MP: 6/6
   244 | D:1      | Reached XP level 2. HP: 15/15 MP: 2/8
   248 | D:1      | Learned a level 2 spell: Throw Flame
   599 | D:1      | Reached XP level 3. HP: 15/19 MP: 3/10
   606 | D:1      | Learned a level 3 spell: Conjure Flame
   610 | D:1      | Learned a level 3 spell: Inner Flame
   845 | D:1      | Reached skill level 4 in Spellcasting
  1229 | D:2      | Found a glowing silver altar of Zin.
  1237 | D:2      | Noticed Sigmund
  1407 | D:2      | Found a sacrificial altar of Ru.
  1776 | D:2      | Killed Sigmund
  1776 | D:2      | Reached skill level 5 in Spellcasting
  1776 | D:2      | Reached XP level 4. HP: 9/24 MP: 5/13
  1776 | D:2      | Reached XP level 5. HP: 11/28 MP: 5/14
  2163 | D:3      | Found a stormy altar of Qazlal.
  2182 | D:3      | Noticed an ogre
  2187 | D:3      | Killed an ogre
  2187 | D:3      | Reached XP level 6. HP: 32/32 MP: 8/16
  2193 | D:3      | Learned a level 4 spell: Sticky Flame
  2657 | D:3      | Found a sparkling altar of Nemelex Xobeh.
  2765 | D:3      | Found a faded altar to an unknown god.
  3480 | D:3      | Found a deep blue altar of Sif Muna.
  3933 | D:4      | Reached skill level 6 in Spellcasting
  4118 | D:4      | Reached XP level 7. HP: 35/36 MP: 12/18
  4125 | D:4      | Learned a level 5 spell: Fireball
  5232 | D:5      | Entered Level 5 of the Dungeon
  5322 | D:5      | Reached skill level 7 in Spellcasting
  5322 | D:5      | Reached skill level 5 in Fire Magic
  5719 | D:5      | Reached skill level 5 in Dodging
  5883 | D:5      | Reached XP level 8. HP: 41/41 MP: 16/21
  6646 | D:6      | Reached skill level 8 in Spellcasting
  6796 | D:6      | Reached skill level 5 in Conjurations
  6948 | D:6      | Got a pitted glaive
  6949 | D:6      | Identified the +6 glaive of Qazlal's Envy {flame, rElec rC++ Str+3 Int+3} (You found it on level 6 of the Dungeon)
  6957 | D:6      | Found a glowing golden altar of the Shining One.
  6961 | D:6      | Found a radiant altar of Vehumet.
  6977 | D:6      | Became a worshipper of Vehumet
  7312 | D:6      | Reached skill level 9 in Spellcasting
  7318 | D:6      | Gained mutation: You have large cloven feet. [mutagenic meat]
  7319 | D:6      | Gained mutation: You are frail (-10% HP). [mutagenic meat]
  7426 | D:6      | Reached skill level 5 in Hexes
  7546 | D:6      | Found an ancient bone altar of Kikubaaqudgha.
  7704 | D:7      | Reached XP level 9. HP: 40/40 MP: 8/24
  7711 | D:7      | Learned a level 5 spell: Bolt of Magma
  7737 | D:7      | Found a staircase to the Ecumenical Temple.
  7749 | Temple   | Entered the Ecumenical Temple
  8361 | D:7      | Reached * piety under Vehumet
  8361 | D:7      | Offered knowledge of Magic Dart by Vehumet.
  8527 | D:8      | Reached skill level 1 in Earth Magic
  8532 | D:8      | Reached skill level 10 in Spellcasting
  8612 | D:8      | Found a blossoming altar of Fedhas.
  8761 | D:8      | Learned a level 6 spell: Poison Arrow
  8833 | D:8      | Noticed a red ugly thing
  9217 | D:8      | Killed a red ugly thing
  9217 | D:8      | Reached skill level 11 in Spellcasting
  9221 | D:8      | Gained mutation: You are agile. (Dex +2) [mutagenic meat]
  9223 | D:8      | Gained mutation: You are dopey. (Int -2) [mutagenic meat]
  9300 | D:8      | Reached XP level 10. HP: 35/45 MP: 20/27
  9734 | D:8      | Noticed an ice statue
  9801 | D:8      | Killed an ice statue
  9801 | D:8      | Reached skill level 1 in Poison Magic
 10082 | D:9      | Noticed Psyche
 10101 | D:9      | Mangled by an orc warrior

Vault maps used:
D:1:      dpeg_arrival_arbitrary_b
D:2:      nicolae_ru_path_of_blood, lemuel_round_altar, uniq_sigmund
D:3:      lemuel_crystal_altar, lemuel_blue_sif_altar, ecumenical_altar_2,
          nemelex_xobeh_ov_fountains_minmay
D:4:      corexii_shantytown
D:5:      first_bread
D:6:      lemuel_zombie_altar_kikubaaqudgha, grunt_temple_overflow_open,
          grunt_ministairs_13
D:7:      temple_doors_e, kennysheep_generic_room_14
D:8:      lemuel_ice_statue, fedhas_altar_2
D:9:      serial_shops, kennysheep_mini, grunt_ogre_cave, grunt_dithmenos_smoke,
          uniq_psyche
Temple:   circular_temple_12

Skill      XL: |  1  2  3  4  5  6  7  8  9 10 |
---------------+-------------------------------+-----
Conjurations   | 2 3 4 5 6 |  6.7
Spellcasting   | 5 6 7 9 11 | 11.3
Dodging        | 3 4 5 6 7 |  7.6
Hexes          | 2 3 5 6 7 |  7.0
Fire Magic     | 4 5 6 7 |  7.3
Earth Magic    | 2 3 |  3.0
Poison Magic   | 1 |  1.6
Stealth        | |  2.4

Action                   |  1- 3 |  4- 6 |  7- 9 | 10-12 || total
-------------------------+-------+-------+-------+-------++-------
Melee: Short sword       |     8 |    17 |     3 |       ||    28
       Dagger            |       |       |    17 |       ||    17
       Glaive            |       |       |    29 |    13 ||    42
 Cast: Flame Tongue      |    48 |    60 |   153 |    27 ||   288
       Throw Flame       |    11 |    12 |    39 |    15 ||    77
       Sticky Flame      |       |     1 |    10 |     1 ||    12
       Inner Flame       |       |       |     4 |     1 ||     5
       Conjure Flame     |       |       |     4 |     2 ||     6
       Bolt of Magma     |       |       |     9 |     3 ||    12
       Fireball          |       |       |     1 |       ||     1
  Use: Scroll            |     5 |     7 |    13 |     2 ||    27
       Potion            |       |     2 |       |     1 ||     3
 Stab: Sleeping          |     1 |     2 |     2 |       ||     5
       Distracted        |       |     1 |       |       ||     1
  Eat: Chunk             |     3 |     7 |    13 |     2 ||    25
       Meat ration       |       |       |     2 |       ||     2
